Map: Ruins of Endion

Players

GrenT - Winner!

  • Race: Terran Terran
  • League: Master

Miszu

  • Race: Terran Terran
  • League: Master

VOD

Have the link to the VOD?

Description

Time

  • Played on: June 27, 2016, 10:35 a.m.
  • Length: 12:18
Show
View Real Time Build Order
Export as new Build Order

GrenT Terran - Winner!

Build Orders: 1/1/1 

Get SALT Encoding   

  12  0:01  SCV  
  13  0:13  SCV  
  14  0:18  Supply Depot  
  14  0:25  SCV  
  15  0:39  SCV  
  15  0:40  Barracks  
  16  0:46  Refinery  
  16  0:51  Refinery  
  16  0:54  SCV  
  17  1:06  SCV  
  18  1:18  SCV  
  19  1:31  Orbital Command  
  19  1:32  Factory  
  19  1:36  Marine  
  20  1:45  Supply Depot  
  20  1:53  Marine  
  21  1:57  SCV  
  22  2:09  SCV  
  22  2:11  Marine  
  24  2:16  Starport  
  24  2:17  Factory Tech Lab  
  24  2:21  SCV  
  25  2:26  Supply Depot  
  25  2:29  Marine  
  26  2:42  Siege Tank  
  30  2:48  Barracks Reactor  
  30  2:52  Supply Depot  
  30  2:54  Medivac  
  30  2:58  SCV  
  32  3:10  SCV  
  33  3:14  Siege Tank  
  36  3:25  Marine x2  
  38  3:27  Medivac  
  40  3:35  SCV  
  40  3:38  Supply Depot  
  41  3:43  Marine  
  42  3:50  Siege Tank  
  42  3:52  Marine  
  46  4:00  Marine  
  47  4:05  Viking  
  48  4:22  Marine x2  
  46  4:26  SCV  
  47  4:39  SCV  
  47  4:40  Marine x2  
  50  4:48  Medivac  
  50  4:51  SCV  
  53  4:57  Marine  
  52  5:03  SCV  
  53  5:15  SCV  
  53  5:17  Command Center  
  53  5:20  Marine  
  55  5:33  Supply Depot  
  55  5:34  Supply Depot x2  
  55  5:49  Starport Reactor  
  55  5:55  Marine x2, Siege Tank, SCV  
  61  6:07  SCV  
  62  6:12  Marine x2  
  64  6:19  SCV  
  64  6:27  Siege Tank  
  64  6:31  SCV  
  68  6:35  Barracks  
  68  6:37  Barracks  
  69  6:41  Orbital Command  
  69  6:43  SCV  
  69  6:46  Viking  
  71  6:51  Medivac  
  73  6:56  SCV  
  74  7:07  SCV  
  75  7:09  SCV  
  76  7:16  Engineering Bay  
  76  7:18  Medivac  
  76  7:20  SCV  
  76  7:21  SCV  
  80  7:25  Barracks Reactor, Barracks Tech Lab  
  80  7:31  Siege Tank  
  80  7:32  SCV  
  80  7:33  SCV  
  80  7:34  Medivac  
  87  7:42  Supply Depot  
  87  7:44  SCV  
  88  7:46  Marine x3  
  91  7:52  SCV  
  91  7:56  SCV  
  91  7:57  Refinery  
  93  7:59  Refinery  
  93  8:02  Supply Depot, Marine  
  93  8:04  SCV  
  93  8:05  Terran Infantry Weapons Level 1  
  95  8:18  Marine x4  
  95  8:19  Siege Tank  
  102  8:29  Marine  
  103  8:35  Marine  
  103  8:36  Marine x2  
  103  8:44  Marine  
  103  8:47  Marine  
  95  8:53  Marine  
  95  8:54  Marine x2  
  94  9:05  Marine  
  90  9:24  Marine  
  87  9:28  Command Center  
  87  9:44  Marine  
  87  9:45  Medivac  
  86  9:46  Siege Tank  
  86  9:49  Marine  
  86  9:51  Medivac  
  80  10:02  Marine  
  81  10:07  Marine  
  82  10:15  Medivac  
  82  10:18  Siege Tank  
  82  10:20  Marine  
  86  10:21  Medivac  
  86  10:25  Marine  
  79  10:38  Marine  
  75  10:43  Marine  
  75  10:45  Viking  
  75  10:50  Siege Tank  
  75  10:55  Marine  
  76  11:00  Barracks x2  
  73  11:14  Orbital Command  
  73  11:25  Siege Tank  
  76  11:32  Refinery  
  76  11:33  SCV  
  77  11:40  Medivac  
  77  11:45  Marine x2  
Show
View Real Time Build Order
Export as new Build Order

Miszu Terran 

Build Orders: 1/1/1 

Get SALT Encoding   

  12  0:00  SCV  
  13  0:12  SCV  
  14  0:17  Supply Depot  
  14  0:25  SCV  
  15  0:31  Refinery  
  15  0:39  SCV  
  16  0:44  Barracks  
  16  0:51  SCV  
  16  0:54  Refinery  
  17  1:03  SCV  
  18  1:15  SCV  
  19  1:32  Factory  
  20  1:35  Orbital Command  
  20  1:36  Reaper  
  20  1:45  Supply Depot  
  20  2:01  SCV  
  21  2:08  Reaper  
  22  2:13  SCV  
  23  2:17  Hellion  
  23  2:20  Starport  
  25  2:29  Supply Depot  
  25  2:38  Hellion  
  25  2:40  Reaper  
  25  2:41  SCV  
  29  2:56  Medivac  
  31  3:00  Engineering Bay  
  31  3:07  Hellion  
  33  3:13  Barracks Tech Lab  
  33  3:20  Command Center  
  33  3:29  Viking  
  35  3:34  Factory Tech Lab  
  35  3:48  SCV  
  36  3:50  Missile Turret  
  36  3:57  Barracks Reactor  
  36  4:07  Viking  
  38  4:10  SCV  
  37  4:18  Siege Tank  
  37  4:23  SCV  
  35  4:28  Barracks  
  35  4:31  Barracks  
  35  4:33  Orbital Command  
  35  4:38  Marine  
  35  4:43  Marine  
  37  4:49  Viking  
  39  5:00  Marine x2  
  41  5:11  Orbital Command  
  41  5:13  Siege Tank  
  44  5:18  Marine  
  45  5:23  Viking  
  47  5:35  Marine  
  47  5:37  Stimpack  
  48  5:50  Marine x2  
  48  5:53  Marine  
  48  5:55  Marine  
  52  5:57  Supply Depot  
  52  5:58  Supply Depot  
  52  5:59  SCV x2  
  52  6:01  Starport Reactor  
  54  6:13  Terran Infantry Weapons Level 1  
  54  6:19  Marine x3, SCV x2  
  59  6:27  Marine  
  59  6:31  SCV  
  59  6:32  Barracks  
  60  6:33  SCV  
  60  6:34  Barracks  
  60  6:36  Marine x2  
  60  6:39  Siege Tank  
  66  6:45  Refinery  
  66  6:46  Refinery  
  66  6:52  Supply Depot  
  66  6:53  Supply Depot  
  66  6:56  SCV  
  66  6:58  SCV  
  68  7:07  Marine  
  68  7:08  SCV  
  70  7:14  Siege Tank, SCV  
  74  7:18  Medivac  
  74  7:22  Medivac  
  78  7:26  Supply Depot, SCV  
  78  7:28  SCV  
  80  7:38  SCV, Missile Turret  
  80  7:41  Barracks Reactor  
  81  7:45  SCV, Missile Turret  
  81  7:49  Supply Depot  
  81  7:50  SCV  
  83  7:57  Siege Tank  
  86  7:59  Medivac  
  86  8:00  Marine  
  86  8:01  Marine  
  86  8:03  Marine  
  91  8:08  Marine  
  91  8:09  Marine  
  93  8:15  Missile Turret  
  93  8:18  Marine x2  
  93  8:19  Medivac  
  97  8:20  Marine  
  97  8:24  Supply Depot  
  97  8:26  Marine  
  97  8:27  Supply Depot  
  99  8:30  Marine x2  
  101  8:41  Siege Tank  
  88  8:49  Marine  
  88  8:50  Marine x2  
  88  8:54  Marine  
  92  9:07  Marine x2  
  79  9:18  Marine x3  
  83  9:25  Marine x2  
  85  9:32  Factory Tech Lab  
  85  9:36  Marine x2  
  86  9:39  Supply Depot x2  
  86  9:41  Supply Depot  
  86  9:44  Marine x2  
  84  9:48  Marine  
  60  9:57  Marine x2  
  49  10:15  Marine  
  47  10:33  Marine  
  35  10:51  Marine, Siege Tank  
  35  10:52  Medivac  
  35  10:55  Barracks  
  41  10:58  SCV  
  42  11:09  Marine  
  42  11:10  SCV  
  45  11:26  Marine  
  45  11:39  Siege Tank  
  48  11:40  Barracks  
  48  11:41  Medivac  
  48  11:43  Marine  
  51  11:55  Marine  
Tags
 
Add a new tag
Caveats
  • Supply blocks, unpowered buildings, or Contaminate may cause inaccurate times.
  • Supply counts are checked every 10 seconds.